 Dungeon Crawl Stone Soup version 0.16.0-6-gad6103a (webtiles) character file.

163252 Chiseanne the Acrobat (level 17, 0/84 HPs)
             Began as a Spriggan Assassin on Mar 14, 2015.
             Was an Initiate of Gozag.
             Shot with a bolt by Vashnia (1 damage)
             ... on level 3 of the Snake Pit on Mar 15, 2015.
             The game lasted 03:23:30 (35888 turns).

Chiseanne the Acrobat (Spriggan Assassin)          Turns: 35888, Time: 03:23:30

Health: 0/84       AC: 24    Str: 16    XL:     17   Next: 23%
Magic:  26/26      EV: 41    Int: 15    God:    Gozag
Gold:   2086       SH: 12    Dex: 28    Spells: 0 memorised, 16 levels left

rFire  + . .     SeeInvis +     s - +9 flail "Rawiepoeg" {drain, Int+2}
rCold  . . .     Clarity  +     i - quicksilver dragon armour of Nerghimou {MR+ Dex+4}
rNeg   + . .     SustAb   .     t - +3 buckler {AC+3}
rPois  +         Gourm    .     o - +2 hat
rElec  .         Spirit   .     p - +2 cloak {rPois}
rCorr  .         Warding  .     (gloves unavailable)
rMut   .         Stasis   .     (boots unavailable)
MR     +++..                    V - amulet "Tweaffes" {Clar rC+ Str+4 Slay+5 Stlth-}
Stlth  ++++++++..               H - ring of fire
                                F - ring of positive energy

@: mighty, lethally poisoned (0 -> -4), exhausted, slowed, quick, extremely
resistant to hostile enchantments, extraordinarily stealthy
A: unfitting armour, see invisible, herbivore 3, speed 3, slow metabolism 2
a: Potion Petition, Call Merchant, Bribe Branch, Renounce Religion


You were on level 3 of the Snake Pit.
You worshipped Gozag.
Gozag was noncommittal.
You were not hungry.

You visited 6 branches of the dungeon, and saw 34 of its levels.
You also visited: Sewer and Ice Cave.

You collected 12773 gold pieces.
You spent 5257 gold pieces at shops.
You paid 5430 gold pieces to Gozag.

Inventory:

Hand weapons
 a - a +0 short sword of speed
 s - the +9 flail "Rawiepoeg" (weapon) {drain, Int+2}
   (You found it on level 6 of the Dungeon)

   A truly terrible weapon, it drains the life of those it strikes.
   It affects your intelligence (+2).
 w - a +10 blowgun
Missiles
 e - 76 poisoned needles
 x - 9 throwing nets
 y - 8 curare-tipped needles
 A - 41 bolts
 E - 8 poisoned tomahawks
 K - 15 bolts of flame
 R - 4 steel tomahawks (quivered)
 W - 7 needles of confusion
Armour
 i - the quicksilver dragon armour of Nerghimou (worn) {MR+ Dex+4}
   (You bought it in a shop on level 4 of the Orcish Mines)

   It affects your dexterity (+4).
   It affects your resistance to hostile enchantments.
 o - a +2 hat (worn)
 p - a +2 cloak of poison resistance (worn)
 t - a +3 buckler of protection (worn)
Jewellery
 v - an uncursed ring of flight
 F - a ring of positive energy (left hand)
 H - a ring of fire (right hand)
 J - an uncursed amulet of warding
 N - an uncursed amulet of regeneration
 V - the amulet "Tweaffes" (around neck) {Clar rC+ Str+4 Slay+5 Stlth-}
   (You found it in an ice cave)

   [amulet of clarity]

   It provides mental clarity.
   It affects your strength (+4).
   It affects your accuracy and damage with ranged weapons and melee attacks
   (+5).
   It protects you from cold.
   It makes you less stealthy.
 X - the amulet of the City {rElec Regen+ Str+4}
   (You found it on level 2 of the Depths)

   [amulet of regeneration]

   It affects your strength (+4).
   It insulates you from electricity.
   It increases your rate of regeneration.
Magical devices
 b - a wand of heal wounds (8)
 q - a wand of digging (5)
 S - a wand of disintegration (13)
Scrolls
 c - 2 scrolls of fog
 f - 7 scrolls of identify
 m - 18 scrolls of remove curse
 n - a scroll of recharging
 u - a scroll of brand weapon
 z - a scroll of amnesia
 D - a scroll of immolation
 I - 2 scrolls of fear
Potions
 h - 11 potions of curing
 j - 2 potions of haste
 k - 3 potions of might
 l - 3 potions of restore abilities
 C - 5 potions of berserk rage
 P - 4 potions of heal wounds
 U - 3 potions of lignification
Comestibles
 d - a royal jelly
 g - 22 bread rations
 r - 6 fruits
 G - 4 slices of pizza


   Skills:
 - Level 7.4 Fighting
 - Level 2.1 Short Blades
 - Level 2.1 Throwing
 + Level 13.3 Armour
 - Level 23.8 Dodging
 - Level 21.4 Stealth
 - Level 6.0 Shields


You had 16 spell levels left.
You didn't know any spells.

Dungeon Overview and Level Annotations

Branches:
Dungeon (15/15)            Temple (1/1) D:5            Lair (7/8) D:11
 Shoals (0/5) Lair:4        Snake (3/5) Lair:5        Slime (0/6) Lair:6
    Orc (4/4) D:11            Elf (0/3) Orc:4        Vaults (0/5) D:14
 Depths (4/5) D:15

Altars:
Ashenzari
Cheibriados
Dithmenos
Elyvilon
Fedhas
Gozag
Kikubaaqudgha
Makhleb
Nemelex Xobeh
Okawaru
Qazlal
Ru
Sif Muna
Trog
Vehumet
Xom
Yredelemnul
Zin
The Shining One
Beogh
Jiyva

Shops:
D:7 (   D:12 [   D:13 [   D:15 [   Orc:2 %   Orc:4 [([(   Vaults:1 [
Vaults:2 =   Vaults:3 [   Depths:1 (   Depths:2 (?(   Depths:4 %

Portals:
Hell: Depths:1 Depths:2 Depths:4
Abyss: Depths:4
Pandemonium: Depths:1

Annotations:
D:11 TZer0's ghost, powerful OgHu
Snake:3 Vashnia, Saint Roka; Vashnia
Depths:1 exclusion: door
Depths:4 1 runed door


Innate Abilities, Weirdness & Mutations

You are tiny and cannot use many weapons and most armour.
You have supernaturally acute eyesight.
You are a herbivore.
You cover ground extremely quickly.
You need consume almost no food.


Message History

* * * LOW HITPOINT WARNING * * *
Vashnia mumbles some strange words.
Space distorts along a thin shroud covering Vashnia's body.
You see here a bolt.
You feel a strong urge to attack something.
The naga hits you from afar with a glaive.
* * * LOW HITPOINT WARNING * * *
Things that are here:
2 arrows; 2 poisoned arrows; a bolt You are no longer berserk.
You are exhausted.
You feel yourself slow down.
The naga sharpshooter casts a spell.
The naga sharpshooter magically shoots a poisoned arrow.
The poisoned arrow completely misses you.
You see here 2 poisoned arrows.
You feel sick.
Vashnia shoots a bolt.
The bolt hits you!
* * * LOW HITPOINT WARNING * * *
You die...
Your body crumbles into a pile of gold.

##.#...#.....##.# #
###.##.#.##.#####..
###.####.....####.###.#...
##...........##.#...#...##.
#.........###....##.....##.
.........##......###.....##.
.......[..#."####..........
..###...##.#####..........#
. #....##@##((NN.##..##.##
#.###.###((((N#####.#.## #.
##..##...$(..##.#..##
.###$...N###.?#.....# $
#..##..(.####.#...#..
#.(>N.#(.##.....###
###.....##.##....## #
..........##/#..[##
.........##>#..##


You could see Vashnia and a naga.

Vanquished Creatures
  An ancient lich (Depths:2)
  4 liches
  2 frost giants
  Wiglaf (Snake:3)
  An orc warlord (Orc:4)
  A fire giant (Depths:4)
  2 deep elf sorcerers
  Gastronok (Lair:3)
  3 stone giants
  A draconian annihilator (Depths:1)
  2 war gargoyles (Depths:2)
  4 very ugly things (Depths:1)
  2 rakshasas (Depths:1)
  A dire elephant (Depths:2)
  Snorg (Lair:5)
  4 ettins
  A blizzard demon (Depths:1)
  A fire dragon (Depths:2)
  2 crystal guardians (Depths:2)
  A great orb of eyes (Depths:1)
  4 ogre magi
  Fannar (Lair:6)
  2 minotaurs
  Harold (Lair:1)
  4 ice dragons
  A naga warrior (Snake:3)
  5 hydras
  Erica (D:15)
  The ghost of Lokkij the Basher, a powerful DrAK of Lugonu (Orc:2)
  3 centaur warriors
  2 dancing weapons (Depths:2)
  A deep troll shaman (Depths:2)
  An orc high priest (Orc:4)
  4 anacondas
  A vampire mage (Depths:4)
  3 naga sharpshooters
  Nergalle (Depths:2)
  2 shock serpents (Snake:1)
  A deep elf knight (Depths:4)
  A skeletal warrior (Depths:3)
  5 deep trolls
  4 giant orange brains
  14 hill giants
  2 unseen horrors
  2 ice statues (IceCv)
  2 orc knights
  2 naga ritualists
  Pikel (D:8)
  3 orc sorcerers
  A deep elf conjurer (Depths:1)
  3 manticores
  5 ugly things
  A salamander (Snake:1)
  4 wizards
  3 mana vipers
  A wolf spider (D:15)
  3 griffons
  A black mamba (shapeshifter) (Depths:2)
  A sixfirhy (Depths:1)
  2 phantasmal warriors (Depths:3)
  7 cyclopes
  A draconian (shapeshifter) (D:15)
  A hornet (shapeshifter) (Depths:2)
  3 elephants (Lair:5)
  A salamander (shapeshifter) (Depths:2)
  A spiny frog (shapeshifter) (D:15)
  Joseph (Orc:4)
  A rust devil (Depths:2)
  5 gargoyles
  20 black mambas
  An orange demon (Depths:1)
  7 komodo dragons
  Psyche (D:13)
  7 spiny frogs
  6 naga magi
  2 centaur skeletons (D:15)
  A freezing wraith (D:15)
  A kobold demonologist (D:12)
  2 efreet
  2 deep elf priests (Depths:1)
  2 fire drakes
  2 red devils (Depths:1)
  A yaktaur (shapeshifter) (D:15)
  5 tengu conjurers
  7 two-headed ogres
  8 trolls
  13 blink frogs
  Prince Ribbit (D:9)
  7 slime creatures
  4 air elementals
  6 ravens
  A vampire (Depths:2)
  2 wraiths (Depths:3)
  3 water elementals (Depths:3)
  3 raiju (Depths:3)
  2 hungry ghosts
  49 yaks
  2 steam dragons
  A human (D:8)
  2 deep elf magi
  The ghost of Chiseanne the Skirmisher, an average DsWn (D:4)
  2 wyverns
  A redback simulacrum (D:14)
  A deep elf fighter (D:15)
  13 hippogriffs
  10 nagas
  17 wolves
  A vampire mosquito (D:15)
  Menkaure (D:7)
  8 wargs
  15 water moccasins
  9 porcupines
  4 hell hounds (Depths:3)
  A swamp drake (Lair:7)
  23 ice beasts
  3 sky beasts
  2 phantoms
  A snapping turtle zombie (Depths:3)
  2 wasps
  A hydra simulacrum (Depths:3)
  A black bear (Lair:2)
  A boring beetle (Lair:6)
  An eye of draining (D:12)
  10 ogres
  A necrophage (D:10)
  4 slaves (D:8)
  47 orc warriors
  11 big kobolds
  Sigmund (D:7)
  The ghost of inmateoo the Sneak, an average KoAs of Trog (D:6)
  13 crocodiles
  17 centaurs
  Blork the orc (D:5)
  14 giant frogs
  2 earth elementals (Depths:2)
  2 wyvern skeletons
  5 scorpions
  11 killer bees
  17 wights
  9 crimson imps
  29 orc priests
  3 jellies
  2 centaur zombies
  A wasp zombie (D:12)
  A goliath beetle (D:7)
  6 hounds
  A giant frog zombie (D:12)
  34 orc wizards
  11 iguanas
  7 worker ants
  2 giant frog skeletons
  18 sheep
  3 hell rats
  Ijyb (D:7)
  A hound skeleton (D:11)
  3 worker ant zombies
  24 adders
  A giant mite (D:10)
  64 river rats
  6 shadow imps
  2 worms (D:2)
  3 adder skeletons
  A giant gecko (D:3)
  3 oozes
  223 orcs
  2 bat skeletons
  A bat zombie (D:5)
  6 giant cockroaches
  22 goblins
  25 hobgoblins
  7 jackals
  3 ball pythons
  29 bats
  A giant gecko skeleton (D:4)
  4 giant newts
  2 giant spores
  41 kobolds
  15 quokkas
  76 rats
  7 ballistomycetes (D:13)
  A butterfly (Lair:3)
  6 fungi
  2 plants
1313 creatures vanquished.

Vanquished Creatures (others)
  A vampire knight (Depths:2)
  A tengu warrior (Depths:2)
  2 tengu conjurers
  A mana viper (Depths:3)
  A raiju (Depths:3)
  2 orcs (Orc:2)
  A quokka (D:3)
  4 fungi
  3 plants
16 creatures vanquished.

Grand Total: 1329 creatures vanquished

Notes
Turn   | Place    | Note
--------------------------------------------------------------
     0 | D:1      | Chiseanne, the Spriggan Assassin, began the quest for the Orb.
     0 | D:1      | Reached XP level 1. HP: 10/10 MP: 2/2
     8 | D:1      | Reached skill level 6 in Stealth
    71 | D:1      | Reached XP level 2. HP: 12/14 MP: 4/4
   390 | D:1      | Reached skill level 7 in Stealth
   429 | D:1      | Found a sparkling altar of Nemelex Xobeh.
   848 | D:2      | Reached XP level 3. HP: 15/18 MP: 6/6
   888 | D:2      | Found a shattered altar of Ashenzari.
  1178 | D:2      | Found an ancient bone altar of Kikubaaqudgha.
  1197 | D:2      | Reached skill level 8 in Stealth
  1437 | D:2      | Found a burning altar of Makhleb.
  1441 | D:2      | Reached XP level 4. HP: 19/22 MP: 8/8
  1663 | D:3      | Reached skill level 9 in Stealth
  1666 | D:3      | Reached XP level 5. HP: 10/25 MP: 10/10
  2125 | D:3      | Found a white marble altar of Elyvilon.
  2258 | D:3      | Found a radiant altar of Vehumet.
  2542 | D:4      | Noticed a phantom
  2545 | D:4      | Killed a phantom
  2545 | D:4      | Reached skill level 10 in Stealth
  2545 | D:4      | Reached XP level 6. HP: 27/30 MP: 12/12
  2679 | D:4      | Noticed Chiseanne's ghost (average DsWn)
  2707 | D:4      | Reached skill level 5 in Dodging
  2722 | D:4      | Noticed an ogre
  3040 | D:4      | Found a bloodstained altar of Trog.
  3253 | D:4      | Reached skill level 11 in Stealth
  3523 | D:4      | Reached XP level 7. HP: 27/33 MP: 14/14
  3708 | D:4      | Killed Chiseanne's ghost
  3869 | D:5      | Entered Level 5 of the Dungeon
  3888 | D:5      | Noticed Blork the orc
  3896 | D:5      | Killed Blork the orc
  3998 | D:5      | Found a staircase to the Ecumenical Temple.
  4016 | Temple   | Entered the Ecumenical Temple
  4065 | Temple   | Became a worshipper of Gozag Ym Sagoz the Greedy
  4531 | D:5      | Found a shadowy altar of Dithmenos.
  4531 | D:5      | Found a sparkling altar of Nemelex Xobeh.
  4741 | D:5      | Reached skill level 12 in Stealth
  5241 | D:6      | Reached XP level 8. HP: 25/37 MP: 16/16
  5337 | D:6      | Found a glowing drain.
  5345 | Sewer    | Entered a sewer
  5598 | Sewer    | Found a white marble altar of Elyvilon.
  5799 | D:6      | Got a transparent flail
  5806 | D:6      | Identified the +9 flail "Rawiepoeg" {drain, Int+2} (You found it on level 6 of the Dungeon)
  5866 | D:6      | Reached skill level 13 in Stealth
  6128 | D:6      | Reached skill level 10 in Dodging
  6172 | D:6      | Noticed inmateoo's ghost (average KoAs)
  6184 | D:6      | Killed inmateoo's ghost
  6280 | D:7      | Found Juevaesk's Weapon Emporium.
  6319 | D:7      | Noticed Sigmund
  6334 | D:7      | Killed Sigmund
  6444 | D:7      | Noticed Ijyb
  6448 | D:7      | Killed Ijyb
  6603 | D:7      | Reached skill level 14 in Stealth
  6603 | D:7      | Reached XP level 9. HP: 38/41 MP: 18/18
  6630 | D:7      | Noticed Menkaure
  6711 | D:7      | Killed Menkaure
  7059 | D:8      | Found a basalt altar of Yredelemnul.
  7079 | D:8      | Reached skill level 15 in Stealth
  7360 | D:8      | Noticed Pikel
  7471 | D:8      | Killed Pikel
  7471 | D:8      | Reached skill level 16 in Stealth
  7826 | D:8      | You fall through a shaft for 3 floors!
  7830 | D:11     | Noticed TZer0's ghost (powerful OgHu)
  7831 | D:11     | Noticed an orc knight
  7858 | D:10     | Entered Level 10 of the Dungeon
  7942 | D:9      | Noticed Prince Ribbit
  7946 | D:9      | Killed Prince Ribbit
  7946 | D:9      | Reached XP level 10. HP: 40/46 MP: 19/19
  8853 | D:10     | Reached skill level 17 in Stealth
  9076 | D:10     | Noticed a six-headed hydra
  9174 | D:10     | Killed a six-headed hydra
  9174 | D:10     | Reached skill level 18 in Stealth
  9433 | D:10     | Noticed a centaur warrior
  9433 | D:10     | Noticed a hill giant
  9704 | D:10     | Killed a hill giant
  9704 | D:10     | Reached skill level 19 in Stealth
  9704 | D:10     | Reached XP level 11. HP: 49/49 MP: 20/20
  9828 | D:10     | Noticed a gargoyle
  9841 | D:10     | Killed a gargoyle
 10406 | D:10     | Reached skill level 15 in Dodging
 10641 | D:10     | Reached skill level 20 in Stealth
 11123 | D:11     | Found a sacrificial altar of Ru.
 11139 | D:11     | Found a staircase to the Lair.
 11247 | D:11     | Found a roughly hewn altar of Beogh.
 11249 | D:11     | Found a staircase to the Orcish Mines.
 11381 | D:11     | Killed an orc knight
 11578 | D:11     | Noticed a hill giant
 11787 | D:11     | Noticed a hill giant
 11815 | D:11     | Killed a hill giant
 11877 | D:11     | Killed a hill giant
 12117 | Lair:1   | Entered Level 1 of the Lair of Beasts
 12239 | Lair:1   | Noticed Harold
 12251 | Lair:1   | Killed Harold
 12434 | Lair:1   | Reached XP level 12. HP: 50/56 MP: 21/21
 14033 | Lair:3   | Noticed Gastronok
 14229 | Lair:3   | Killed Gastronok
 14265 | Lair:3   | Found a shadowy altar of Dithmenos.
 14770 | Lair:3   | Reached skill level 1 in Shields
 15465 | Lair:4   | Reached skill level 5 in Fighting
 15550 | Lair:4   | Got a warped morningstar
 15753 | Lair:4   | Found a staircase to the Shoals.
 16338 | Lair:5   | Noticed Snorg
 16406 | Lair:5   | Killed Snorg
 16513 | Lair:5   | Reached XP level 13. HP: 51/64 MP: 22/22
 17101 | Lair:6   | Noticed Fannar
 17107 | Lair:6   | Killed Fannar
 17557 | Lair:6   | Found a viscous altar of Jiyva.
 17558 | Lair:6   | Found a staircase to the Slime Pits.
 18507 | Lair:7   | Reached skill level 21 in Dodging
 19355 | Lair:5   | Found a staircase to the Snake Pit.
 19987 | D:12     | Found Giena Triev's Armour Shoppe.
 20355 | D:12     | Reached skill level 22 in Dodging
 21167 | D:13     | Noticed Psyche
 21178 | D:13     | Killed Psyche
 21435 | D:13     | Found Ukhiucas' Armour Shop.
 21446 | D:13     | Bought a +2 buckler of protection for 365 gold pieces
 21446 | D:13     | Bought the -1 cloak of the Fisher {Int+7 Slay+3 Stlth-} for 550 gold pieces
 22100 | D:14     | Reached XP level 14. HP: 70/70 MP: 23/23
 22232 | D:14     | Found a gate to the Vaults.
 22446 | D:14     | Reached skill level 5 in Shields
 22916 | D:14     | Reached skill level 23 in Dodging
 23013 | D:15     | Entered Level 15 of the Dungeon
 23369 | Orc:1    | Entered Level 1 of the Orcish Mines
 23517 | Orc:1    | Found a roughly hewn altar of Beogh.
 23682 | Orc:1    | Found a roughly hewn altar of Beogh.
 24064 | Orc:2    | Noticed Lokkij's ghost (powerful DrAK)
 24095 | Orc:2    | Killed Lokkij's ghost
 24237 | Orc:2    | Found Izogag's Food Emporium.
 24246 | Orc:2    | Bought 3 fruits for 58 gold pieces
 24246 | Orc:2    | Bought a bread ration for 65 gold pieces
 24246 | Orc:2    | Bought a royal jelly for 26 gold pieces
 24246 | Orc:2    | Bought a bread ration for 65 gold pieces
 24246 | Orc:2    | Bought a royal jelly for 26 gold pieces
 25307 | Orc:2    | You fall through a shaft for 2 floors!
 25307 | Orc:4    | Entered Level 4 of the Orcish Mines
 25307 | Orc:4    | Found a radiant altar of Vehumet.
 25367 | Orc:4    | Found a frozen archway.
 25371 | IceCv    | Entered an ice cave
 25567 | IceCv    | Got a brightly glowing silver amulet
 25624 | IceCv    | Identified the amulet "Tweaffes" {Clar rC+ Str+4 Slay+5 Stlth-} (You found it in an ice cave)
 25816 | Orc:4    | Found a staircase to the Elven Halls.
 26052 | Orc:4    | Noticed Joseph
 26064 | Orc:4    | Killed Joseph
 26098 | Orc:4    | Found a roughly hewn altar of Beogh.
 26171 | Orc:4    | Found a roughly hewn altar of Beogh.
 26280 | Orc:4    | Found a roughly hewn altar of Beogh.
 26382 | Orc:4    | Found a roughly hewn altar of Beogh.
 26383 | Orc:4    | Found Rehoac's Weapon Shop.
 26600 | Orc:4    | Noticed an orc warlord
 26639 | Orc:4    | Killed an orc warlord
 26947 | Orc:4    | Found a roughly hewn altar of Beogh.
 26974 | Orc:4    | Found Stourr's Antique Armour Shoppe.
 26981 | Orc:4    | Bought a jewelled quicksilver dragon armour for 2015 gold pieces
 27066 | Orc:4    | Identified the quicksilver dragon armour of Nerghimou {MR+ Dex+4} (You bought it in a shop on level 4 of the Orcish Mines)
 27134 | Orc:4    | Noticed a deep elf sorcerer
 27142 | Orc:4    | Killed a deep elf sorcerer
 27502 | Orc:4    | Found a roughly hewn altar of Beogh.
 27502 | Orc:4    | Found Shakhihe's Antique Weapon Emporium.
 27505 | Orc:4    | Found Dorph's Antique Armour Shoppe.
 27522 | Orc:4    | Bought a runed blowgun for 85 gold pieces
 27522 | Orc:4    | Bought a fine hand crossbow for 289 gold pieces
 27525 | Orc:4    | Identified the +4 hand crossbow "Jellybane" {flame, Dex+2} (You bought it in a shop on level 4 of the Orcish Mines)
 28243 | D:15     | Reached skill level 1 in Armour
 28243 | D:15     | Reached XP level 15. HP: 75/75 MP: 24/24
 28472 | D:15     | Noticed Erica
 28477 | D:15     | Killed Erica
 28607 | D:15     | Found Fraacov's Armour Boutique.
 28641 | D:15     | Found a runed door.
 28727 | D:15     | Found a staircase to the Depths.
 28870 | D:15     | Reached skill level 5 in Armour
 29048 | Depths:1 | Entered Level 1 of the Depths
 29048 | Depths:1 | Noticed a lich
 29055 | Depths:1 | Killed a lich
 29157 | Depths:1 | Found a gateway to Hell.
 29257 | Depths:1 | Found a one-way gate leading to the halls of Pandemonium.
 29332 | Depths:1 | Noticed a lich
 29336 | Depths:1 | Noticed a lich
 29349 | Depths:1 | Killed a lich
 29368 | Depths:1 | Killed a lich
 29407 | Depths:1 | Found a runed door.
 29520 | Depths:1 | Found Ihal's Antique Weapon Emporium.
 30183 | Depths:1 | Found a radiant altar of Vehumet.
 30183 | Depths:1 | Noticed a lich
 30183 | Depths:1 | Noticed an ancient lich
 30183 | Depths:1 | Noticed a lich
 30248 | Depths:2 | Reached XP level 16. HP: 71/80 MP: 25/25
 30376 | Depths:2 | Found Unoa's Antique Weapon Emporium.
 30547 | Depths:2 | Found Mus Lou's Magic Scroll Shop.
 30580 | Depths:2 | Bought a scroll of acquirement for 1248 gold pieces
 30580 | Depths:2 | Bought a scroll of torment for 180 gold pieces
 30580 | Depths:2 | Bought a scroll of identify for 48 gold pieces
 30580 | Depths:2 | Bought a scroll of fear for 84 gold pieces
 30830 | Depths:2 | Reached skill level 10 in Armour
 30980 | Depths:2 | Found Sempempe's Antique Weapon Emporium.
 31145 | Depths:2 | Noticed Nergalle
 31170 | Depths:2 | Killed Nergalle
 31618 | Depths:2 | Noticed a lich
 31628 | Depths:2 | Noticed a tentacled monstrosity
 31635 | Depths:2 | Killed a lich
 31856 | Depths:2 | Noticed an ancient lich
 31866 | Depths:2 | Killed an ancient lich
 31890 | Depths:2 | Got a fine jade amulet
 32262 | Depths:4 | Identified the amulet of the City {rElec Regen+ Str+4} (You found it on level 2 of the Depths)
 32282 | Depths:4 | Found a runed door.
 32325 | Depths:4 | Identified the Handbook of Unholy Secrets (You found it on level 4 of the Depths)
 32360 | Depths:4 | Found a one-way gate to the infinite horrors of the Abyss.
 32592 | Depths:4 | Found Suf Senk's Food Shoppe.
 32595 | Depths:4 | Bought a slice of pizza for 16 gold pieces
 32595 | Depths:4 | Bought 5 fruits for 82 gold pieces
 32604 | Depths:4 | Bought 2 fruits for 33 gold pieces
 32604 | Depths:4 | Bought a royal jelly for 22 gold pieces
 32705 | Depths:3 | Noticed an ancient lich
 33231 | Snake:1  | Entered Level 1 of the Snake Pit
 33362 | Snake:1  | Found a burning altar of Makhleb.
 33998 | Snake:1  | Reached XP level 17. HP: 68/84 MP: 26/26
 34681 | Snake:3  | Noticed Saint Roka
 35213 | Snake:3  | Noticed Wiglaf
 35247 | Snake:3  | Killed Wiglaf
 35556 | Snake:3  | Noticed Vashnia
 35849 | Snake:3  | Upgraded the game from 0.16.0 to 0.16.0-6-gad6103a
 35888 | Snake:3  | HP: 1/84 [Vashnia/bolt (10)]
 35888 | Snake:3  | Shot with a bolt by Vashnia

Action                   |  1- 3 |  4- 6 |  7- 9 | 10-12 | 13-15 | 16-18 || total
-------------------------+-------+-------+-------+-------+-------+-------++-------
Melee: Dagger            |    79 |   136 |   253 |     1 |       |       ||   469
       Flail             |       |       |    94 |   541 |  1330 |   479 ||  2444
       Short sword       |       |       |       |    49 |    69 |     8 ||   126
 Fire: Blowgun           |    15 |    41 |    73 |   163 |    63 |       ||   355
Throw: Tomahawk          |       |       |       |     3 |    49 |     4 ||    56
       Throwing net      |       |       |       |       |       |     1 ||     1
Invok: Call Merchant     |       |       |       |     3 |     1 |     2 ||     6
Evoke: Wand              |       |       |       |    31 |    35 |       ||    66
  Use: Scroll            |     7 |     8 |     4 |    13 |     9 |    12 ||    53
       Potion            |       |       |     2 |     1 |     5 |    17 ||    25
 Stab: Sleeping          |    19 |    21 |    32 |    72 |    75 |    26 ||   245
       Distracted        |       |     1 |     9 |    18 |    30 |    13 ||    71
       Fleeing           |       |       |       |     1 |       |       ||     1
  Eat: Royal jelly       |       |       |     1 |     2 |     2 |     1 ||     6
       Fruit             |       |       |     5 |     5 |     3 |     1 ||    14
       Pizza             |       |       |     2 |       |     5 |     5 ||    12
